 Dungeon Crawl Stone Soup version 0.31-a0-662-g684573625c (webtiles) character file.

Game seed: 17536312254263901501

4 CarvArkoylaein the Grave Robber (level 1, 0/13 HPs)
             Began as a Demonspawn Necromancer on Sept 1, 2023.
             Frozen to death by an endoplasm (5 damage)
             ... on level 2 of the Dungeon.
             The game lasted 00:05:12 (185 turns).

CarvArkoylaein the Grave Robber (DsNe)               Turns: 185, Time: 00:05:13

Health: 0/13       AC:  2    Str:  8    XL:     1   Next: 50%
Magic:  3/3        EV: 12    Int: 16    God:
Gold:   0          SH:  0    Dex: 13    Spells: 3/4 levels left

rFire   . . .        c - +0 falchion
rCold   . . .        (no shield)
rNeg    . . .        a - +0 robe
rPois   .            (no helmet)
rElec   .            (no cloak)
rCorr   .            (no gloves)
SInv    .            (no boots)
Will    .....        (no amulet)
Stlth   ++           (no ring)
HPRegen 0.22/turn    (no ring)
MPRegen 0.08/turn

%: no passive effects
@: no status effects
A: no striking features
a: no special abilities


You were on level 2 of the Dungeon.
You visited 1 branch of the dungeon, and saw 2 of its levels.

Inventory:

Hand Weapons
 c - a +0 falchion (weapon)
Armour
 a - a +0 robe (worn)
Potions
 b - a potion of magic


   Skills:
 + Level 1.7 Dodging
 + Level 1.7 Stealth
 + Level 2.0 Spellcasting
 + Level 4.6 Necromancy


You had 3 spell levels left.
You knew the following spells:

 Your Spells              Type           Power      Damage    Failure   Level
a - Necrotise             Necr           64%        1d7       3%          1

Your spell library contained the following spells:

 Spells                   Type           Power      Damage    Failure   Level
 Vampiric Draining        Necr           16%        2d7       10%         3
 Animate Dead             Necr           16%        N/A       30%         4
 Agony                    Necr           16%        N/A       65%         5


Dungeon Overview and Level Annotations

Branches:
Dungeon (2/15)

Altars:


Message History

Aiming: Necrotise (safe; 3% risk of failure)
Press: ? - help, Q - select action Shift-Dir - straight line, f - goblin
Aim: a goblin, wielding a +0 club (chance to affect: 86%)
The goblin writhes in agony.
The goblin hits you with a +0 club.
You hit the goblin.
You kill the goblin!
You see here a +0 club.
HP restored.
Casting: Necrotise (safe; 3% risk of failure)
Confirm with . or Enter, or press ? or * to list all spells.
You don't know that spell.
Hit: c) +0 falchion
Press: ? - help, Dir - move target You swing at nothing.
Unknown command.
Unknown command.
Unknown command.
No target in view!
No target in view!
Welcome back, CarvArkoylaein the Demonspawn Necromancer.
Press ? for a list of commands and other information.
Found a potion of magic.
An endoplasm comes into view.
The endoplasm quivers.
The endoplasm barely misses you. The endoplasm barely misses you.
The endoplasm barely misses you. The endoplasm hits you.
The endoplasm freezes you.
You are frozen.
The endoplasm freezes you.
You are frozen.
The endoplasm barely misses you. The endoplasm completely misses you.
The endoplasm barely misses you. The endoplasm hits you.
The endoplasm freezes you.
You are frozen.
You die...

#.#####.# ##...##
#.......# ##.##
#####.#### #.# #!.......#
#.# #.###.##.# ##'##
#...# # ##...## #...#.#
##.....## #.##.....##
##.....<.# #...J@....#
#.........
...............+.........
####.........###.........
####....### ##.......#
#...## ##.....## #...#
##...## ##.## ##+## #.#


You could see an endoplasm.

Vanquished Creatures
  A goblin (D:2)
  A ball python (D:1)
  A frilled lizard (D:2)
3 creatures vanquished.

Vanquished Creatures (collateral kills)
  A hobgoblin (D:1)
1 creature vanquished.

Grand Total: 4 creatures vanquished

Notes
Turn   | Place    | Note
-------+----------+-------------------------------------------
     0 | D:1      | CarvArkoylaein the Demonspawn Necromancer began the quest
                  | for the Orb.
     0 | D:1      | Reached XP level 1. HP: 13/13 MP: 3/3
   185 | D:2      | Frozen to death by an endoplasm

Illustrated notes

Levels and vault maps discovered:
D:1:      sevenhm_arrival_forest_fort_large_2, layout_rooms, serial_rivers,
          chequers_serial_rivers_room_a, chequers_serial_rivers_micro_c,
          chequers_serial_rivers_room_a, chequers_serial_rivers_room_b
D:2:      layout_loops_corners, minmay_tromino_v4_a, uniq_crazy_yiuf_cottage,
          uniq_sigmund, uniq_jessica

Action                     || total
---------------------------++-------
  Melee: Falchion          ||     4
         Punch             ||     1
   Cast: Necrotise         ||     2
 Armour: Robe              ||     5
  Dodge: Dodged            ||     7

Table legend: (Time is in decaauts)
 A = Elapsed time spent in this place.
 B = Non-inter-level travel time spent in this place.
 C = Inter-level travel time spent in this place.
 D = Time resting spent in this place.
 E = Time spent auto-exploring this place.
 F = Levels seen in this place.
 G = Mean time per level.
                   A        B        C        D        E       F      G
               +--------+--------+--------+--------+--------+-----+--------+
         Total |    185 |     60 |    125 |      0 |     17 |   2 |   92.5 |
       Dungeon |    185 |     60 |    125 |      0 |     17 |   2 |   92.5 |
               +--------+--------+--------+--------+--------+-----+--------+

Top non-repeatable levels by time:
     D:1: 100 daAuts
     D:2: 85 daAuts
